AoeStats
← 超人不是我

Black Forest

509987671Analyzed
4v4 RM · 5d ago on Sep 28, 2026· 50m 59s· 8 players
Game mode
Random Map
Map size
Large (8 player)
Population
200
Speed
Normal
Resources
Standard
Victory
Conquest
Starting age
Dark Age
Ending age
Imperial Age
RankedLock teamsTeams togetherTeam positionsShared explorationLock speedFull tech treeHidden civsTurbo modeCheats
Victory
Defeat
🇨🇭 Maya · Switzerland
1074
+18
🇩🇪 Koreans · Germany
1037
+19
🇵🇪 Vietnamese · Peru
971
+22
🇹🇷 Wu · Türkiye
959
+22
🇨🇳 Wei · China
1325
-28
1149
-22
🇨🇳 Britons · China
1004
-16
🇨🇳 Malay · China
965
-15
I Chris I4718
0:48 Loom
11:56 Feudal Age
13:12 Wheelbarrow
14:24 Double-Bit Axe
17:43 Castle Age
16:16 Horse Collar
17:30 Stone Mining
19:43 Bow Saw
19:59 Heavy Plow
28:12 Gold Mining
29:02 Stone Shaft Mining
28:58 Hand Cart
29:05 Town Watch
29:22 Fletching
33:22 Imperial Age
30:53 Town Patrol
31:55 Bodkin Arrow
32:14 Eupseong
34:00 Gold Shaft Mining
33:02 Crossbowman
33:48 Thumb Ring
34:52 Bracer
35:05 Forging
34:55 Scale Mail Armor
35:14 Caravan
35:53 Ballistics
35:15 Treadmill Crane
36:37 Chemistry
35:43 Siege Engineers
35:31 Arrowslits
36:02 Masonry
35:53 Arbalester
37:45 Conscription
40:58 Chain Mail Armor
41:18 Iron Casting
41:02 Squires
40:29 Elite Fire Lancer
42:21 Plate Mail Armor
43:26 Coinage
44:54 Shinkichon
44:00 Heavy Rocket Cart
Luslec
0:25 Loom
10:40 Feudal Age
16:10 Castle Age
14:21 Padded Archer Armor
14:14 Fletching
14:38 Double-Bit Axe
14:38 Horse Collar
17:15 Bow Saw
17:40 Heavy Plow
20:13 Bodkin Arrow
25:41 Wheelbarrow
25:41 Padded Archer Armor
29:10 Pikeman
30:33 Ballistics
30:57 Squires
32:09 Thumb Ring
33:29 Leather Archer Armor
34:27 Hul'che Javelineers
34:02 Elite Skirmisher
35:02 Hand Cart
35:20 Treadmill Crane
39:28 Imperial Age
38:22 Caravan
38:39 Town Watch
40:15 Masonry
40:01 Murder Holes
40:34 Bracer
41:05 Ring Archer Armor
41:31 Architecture
41:55 Crop Rotation
42:56 Chemistry
44:00 Two-Man Saw
42:40 Imperial Skirmisher
43:48 Gold Mining
43:48 Stone Mining
44:38 Conscription
47:08 Town Patrol
48:56 Elite Plumed Archer
49:02 Elite Plumed Archer
49:59 Capped Ram
Morias1stt
10:03 Loom
12:21 Feudal Age
17:40 Castle Age
15:57 Stone Mining
15:56 Double-Bit Axe
17:09 Gold Mining
18:54 Horse Collar
25:31 Padded Archer Armor
25:22 Fletching
26:31 Scale Barding Armor
26:38 Forging
27:06 Pikeman
27:46 Squires
31:23 Imperial Age
30:54 Wheelbarrow
30:05 Town Watch
30:45 Light Cavalry
31:42 Bloodlines
31:38 Elite Fire Archer
31:48 Halberdier
33:11 Leather Archer Armor
32:52 Bodkin Arrow
33:12 Bow Saw
35:07 Hussar
35:48 Husbandry
36:48 Bracer
37:24 Iron Casting
37:10 Chain Barding Armor
38:14 Red Cliffs Tactics
38:36 Conscription
40:27 Blast Furnace
39:28 Scale Mail Armor
40:38 Caravan
42:54 Ballistics
42:32 Murder Holes
46:27 Hand Cart
46:07 Arson
46:59 Plate Barding Armor
46:40 Chain Mail Armor
48:46 Two-Man Saw
49:25 Town Patrol
Guli
2:46 Loom
13:14 Feudal Age
17:45 Castle Age
15:55 Double-Bit Axe
15:54 Horse Collar
19:00 Bow Saw
18:56 Heavy Plow
26:31 Wheelbarrow
29:52 Imperial Age
27:21 Gold Mining
28:16 Fletching
28:29 Padded Archer Armor
30:21 Hand Cart
30:03 Bodkin Arrow
30:31 Ballistics
31:17 Caravan
33:11 Paper Money
34:19 Two-Man Saw
33:17 Town Watch
34:22 Thumb Ring
35:01 Guilds
36:41 Chemistry
36:10 Siege Engineers
36:49 Bracer
37:05 Leather Archer Armor
37:17 Elite Rattan Archer
40:32 Ring Archer Armor
43:58 Hoardings
超人不是我
11:42 Feudal Age
13:24 Wheelbarrow
17:04 Castle Age
18:54 Hand Cart
20:24 Double-Bit Axe
20:25 Horse Collar
22:18 Loom
32:21 Fletching
33:53 Ballistics
35:47 Yeomen
38:43 Stone Mining
38:47 Gold Mining
41:51 Bodkin Arrow
46:43 Elite Skirmisher
un908561
2:36 Loom
13:09 Feudal Age
16:08 Castle Age
14:15 Double-Bit Axe
18:10 Wheelbarrow
26:45 Gold Mining
26:45 Stone Mining
27:11 Bow Saw
31:03 Imperial Age
30:13 Town Watch
31:01 Conscription
32:08 Hand Cart
31:54 Fletching
32:04 Padded Archer Armor
33:03 Scale Barding Armor
33:09 Forging
33:51 Leather Archer Armor
35:38 Chemistry
34:33 Elite Battle Elephant
35:41 Bodkin Arrow
36:08 Ballistics
35:30 Treadmill Crane
36:02 Masonry
37:34 Husbandry
38:13 Iron Casting
38:09 Ring Archer Armor
46:08 Blast Furnace
45:08 Bracer
45:43 Elite Skirmisher
46:30 Thumb Ring
46:38 Bracer
860
11:05 Feudal Age
12:21 Double-Bit Axe
14:50 Castle Age
12:40 Horse Collar
13:34 Gold Mining
15:57 Bow Saw
16:22 Heavy Plow
21:13 Wheelbarrow
23:46 Gold Shaft Mining
23:09 Stone Mining
25:08 Hand Cart
29:08 Imperial Age
27:00 Loom
27:01 Town Watch
28:03 Ballistics
29:35 Thumb Ring
29:17 Arson
29:32 Squires
28:53 Pikeman
29:32 Murder Holes
30:24 Crop Rotation
30:32 Stone Shaft Mining
30:05 Caravan
30:40 Parthian Tactics
32:27 Conscription
32:07 Tuntian
32:33 Ming Guang Armor
31:48 Halberdier
32:23 Fletching
32:33 Padded Archer Armor
33:38 Chemistry
32:50 Masonry
33:04 Forging
32:55 Scale Mail Armor
35:02 Iron Casting
34:28 Bodkin Arrow
34:48 Leather Archer Armor
35:13 Iron Casting
34:54 Chain Mail Armor
36:05 Bracer
36:41 Ring Archer Armor
37:14 Blast Furnace
39:49 Scale Barding Armor
39:46 Treadmill Crane
40:17 Fortified Wall
43:42 Chain Barding Armor
46:35 Husbandry
46:45 Bloodlines
45:55 Light Cavalry
45:59 Heavy Hei Guang Cavalry
活在故事里的骑士
5:54 Loom
10:59 Feudal Age
12:08 Double-Bit Axe
12:07 Horse Collar
14:54 Castle Age
24:12 Husbandry
24:34 Bloodlines
31:52 Imperial Age
30:10 Wheelbarrow
29:20 Town Watch
30:00 Caravan
30:33 Coinage
34:14 Cavalier
37:31 Banking
37:46 Scale Mail Armor
37:58 Forging
37:53 Scale Barding Armor
38:43 Conscription
37:53 Elite Jarl
38:49 Elite Varangian Guard
39:29 Squires
39:15 Gambesons
39:16 Arson
39:48 Chain Mail Armor
40:10 Iron Casting
39:42 Vendel Legacy
42:29 Caravan
43:44 Gold Mining
43:45 Stone Mining
44:52 Hand Cart
44:37 Town Patrol
44:50 Bow Saw
44:45 Heavy Plow
46:28 Chain Barding Armor
47:08 Blast Furnace
Connection lost

Rejoining the realm…

Still unreachable

The connection could not be restored.

Session expired

The server has moved on; the page needs a fresh start.